Map: Ultralove

Players

wootwoot - Winner!

  • Race: Terran Terran
  • League: Diamond
  • Spawn Location: 7:00

BobStaMan

  • Race: Zerg Zerg
  • League: Diamond
  • Spawn Location: 1:00

VOD

Have the link to the VOD?

Description

Time

  • Played on: April 23, 2025, 5:26 a.m.
  • Length: 7:04
Show
View Real Time Build Order
Export as new Build Order

wootwoot Terran - Winner!

Build Orders: 2 Factory, Gas First Reaper Expand 

Get SALT Encoding   

  12  0:00  SCV  
  13  0:12  SCV  
  14  0:17  Supply Depot  
  14  0:25  SCV  
  14  0:27  Refinery  
  15  0:38  SCV  
  16  0:44  Barracks  
  16  0:50  SCV  
  17  1:03  SCV  
  18  1:15  SCV  
  19  1:31  Reaper  
  19  1:32  Orbital Command  
  20  1:44  Command Center  
  20  1:55  Factory  
  20  1:58  SCV  
  21  2:03  Refinery  
  21  2:10  SCV, Barracks Reactor  
  22  2:16  Supply Depot  
  22  2:22  SCV  
  23  2:38  SCV  
  23  2:41  Factory  
  24  2:50  SCV, Hellion x2  
  29  2:59  Orbital Command  
  29  3:02  Barracks Tech Lab  
  29  3:04  SCV  
  30  3:16  SCV, Hellion x2  
  35  3:28  SCV x2  
  35  3:32  Mag-Field Accelerator  
  35  3:33  Cyclone  
  40  3:40  SCV x2  
  42  3:44  Supply Depot  
  42  3:47  Supply Depot  
  42  3:52  SCV x2  
  44  3:57  Supply Depot  
  44  3:58  Supply Depot  
  44  4:04  SCV  
  44  4:05  SCV  
  46  4:14  Factory x2  
  46  4:18  Factory  
  46  4:20  SCV  
  47  4:26  SCV  
  47  4:29  Refinery x2  
  48  4:32  SCV, Cyclone  
  48  4:36  Supply Depot  
  52  4:38  SCV  
  52  4:44  SCV  
  54  4:53  SCV  
  54  4:56  SCV  
  54  4:58  Factory Tech Lab x2  
  56  5:01  Factory Reactor  
  56  5:02  Hellion x2  
  56  5:05  SCV  
  61  5:08  SCV  
  61  5:10  Cyclone  
  61  5:12  Infernal Pre-Igniter  
  61  5:13  Supply Depot  
  65  5:18  Supply Depot  
  65  5:19  Cyclone  
  68  5:25  Hellion  
  68  5:26  Hellion  
  72  5:28  Cyclone  
  72  5:32  SCV x2  
  77  5:38  Hellion x2  
  81  5:44  Supply Depot  
  81  5:45  Cyclone  
  84  5:51  Cyclone  
  87  5:59  Hellion  
  87  6:00  Hellion  
  87  6:01  Hellion x2  
  87  6:02  Cyclone  
  98  6:17  Cyclone  
  101  6:21  Hellion x2  
  101  6:23  Cyclone  
  108  6:31  Hellion  
Show
View Real Time Build Order
Export as new Build Order

BobStaMan Zerg 

Build Orders: Hatch First 

Get SALT Encoding   

  12  0:00  Drone  
  13  0:12  Overlord  
  13  0:16  Drone  
  14  0:31  Drone  
  14  0:32  Drone  
  16  0:35  Drone  
  17  0:52  Hatchery  
  17  0:53  Drone  
  17  0:56  Drone  
  18  1:07  Extractor  
  18  1:10  Spawning Pool  
  16  1:12  Drone  
  16  1:18  Drone  
  18  1:28  Drone  
  19  1:38  Overlord  
  19  1:54  Drone  
  19  1:56  Queen  
  19  2:00  Zergling x2  
  23  2:04  Queen  
  23  2:05  Zergling x2  
  26  2:13  Metabolic Boost  
  26  2:15  Drone x2  
  28  2:21  Drone  
  29  2:33  Drone x2  
  31  2:37  Overlord  
  31  2:39  Queen  
  33  2:44  Drone  
  34  2:51  Drone  
  35  3:00  Drone x2, Hatchery  
  35  3:04  Overlord  
  36  3:05  Drone  
  36  3:06  Drone x2  
  36  3:09  Drone  
  40  3:13  Drone x3  
  43  3:21  Zergling x2  
  43  3:24  Overlord  
  44  3:28  Drone  
  45  3:36  Drone x4  
  49  3:44  Drone x4  
  49  3:46  Extractor  
  52  3:51  Drone  
  52  3:53  Extractor  
  52  3:58  Drone  
  52  4:02  Overlord  
  53  4:09  Baneling Nest  
  52  4:12  Extractor  
  52  4:15  Drone x4  
  52  4:16  Drone  
  56  4:21  Drone  
  57  4:29  Zergling x10  
  62  4:31  Lair  
  62  4:35  Drone  
  62  4:37  Evolution Chamber  
  62  4:41  Evolution Chamber  
  62  4:42  Drone x2  
  62  4:43  Drone  
  64  4:53  Baneling x5  
  64  4:54  Zergling x2  
  64  4:55  Zergling x2  
  64  4:58  Overlord x3  
  66  5:12  Hatchery  
  65  5:16  Queen x2, Overlord  
  65  5:17  Overlord  
  65  5:18  Zergling x2  
  65  5:19  Zergling x20  
  80  5:28  Drone  
  81  5:36  Centrifugal Hooks  
  81  5:37  Drone x3  
  84  5:47  Spire  
  83  5:59  Overlord  
  83  6:03  Drone  
  84  6:04  Drone  
  84  6:05  Drone x9, Infestation Pit  
  85  6:29  Zergling x26  
Tags
 
Add a new tag
Caveats
  • Supply blocks, unpowered buildings, or Contaminate may cause inaccurate times.
  • Supply counts are checked every 10 seconds.